 Dungeon Crawl Stone Soup version 0.31-a0-167-g1c394c0614 (webtiles) character file.

Game seed: 16273644833155226547

55 Serulin the Digger (level 3, -4/19 HPs)
             Began as a Gargoyle Earth Elementalist on June 14, 2023.
             Slain by Crazy Yiuf
             ... wielding a +3 quarterstaff of chaos
              (7 damage)
             ... on level 2 of the Dungeon on June 15, 2023.
             The game lasted 00:07:05 (1706 turns).

Serulin the Digger (Gargoyle Earth Elementalist)    Turns: 1706, Time: 00:07:05

Health: -4/19      AC:  6    Str: 11    XL:     3   Next: 93%
Magic:  7/7        EV: 18    Int: 17    God:
Gold:   92         SH:  0    Dex: 10    Spells: 6/7 levels left

rFire   + + +        h - melded +2 sling (freeze)
rCold   + + +        (shield currently unavailable)
rNeg    + + +        a - melded +0 robe
rPois   ∞            (helmet currently unavailable)
rElec   +            (cloak currently unavailable)
rCorr   +            (gloves currently unavailable)
SInv    .            l - melded +0 pair of boots
Will    .....        (amulet currently unavailable)
Stlth   ++           o - melded ring of protection from cold
HPRegen 0.23/turn    (ring currently unavailable)
MPRegen 0.10/turn

%: no passive effects
@: wisp-form (expiring), resistant, flying
A: insubstantial, flying, no casting, sickness immunity, AC +3, tiny, negative
energy resistance 1, (electricity resistance), torment resistance 1,
petrification resistance
a: no special abilities


You were on level 2 of the Dungeon.
You were an insubstantial wisp.
You visited 1 branch of the dungeon, and saw 2 of its levels.

You collected 92 gold pieces.

Inventory:

Hand Weapons
 h - a +2 sling of freezing (melded)
Armour
 a - a +0 robe (melded)
 l - a +0 pair of boots (melded)
Jewellery
 o - a ring of protection from cold (melded)
Scrolls
 c - a scroll of vulnerability {unknown}
 d - a scroll of summoning {unknown}
 e - a scroll of identify {unknown}
 f - a scroll of fog {unknown}
 g - a scroll of enchant weapon {unknown}
 p - a scroll of teleportation {unknown}
Potions
 b - a potion of magic
 i - a potion of berserk rage {unknown}
 j - a potion of cancellation {unknown}
 k - a potion of ambrosia {unknown}
 m - a potion of lignification {unknown}
 n - a potion of degeneration {unknown}


   Skills:
 - Level 1.6 Dodging
 - Level 2.2 Stealth
 + Level 2.7 Spellcasting
 + Level 1.7 Conjurations
 - Level 0.8 Transmutations
 + Level 4.3 Earth Magic


You had 6 spell levels left.
You knew the following spells:

 Your Spells              Type           Power      Damage    Failure   Level
a - Sandblast             Erth           34%        2d9       3%          1

Your spell library contained the following spells:

 Spells                   Type           Power      Damage    Failure   Level
 Passwall                 Tmut/Erth      9%         N/A       10%         2
 Stone Arrow              Conj/Erth      24%        3d8       16%         3
 Gell's Gravitas          Tloc           2%         N/A       47%         3
 Teleport Other           Tloc           2%         N/A       47%         3
 Petrify                  Tmut/Erth      11%        N/A       52%         4
 Dispersal                Tloc           1%         N/A       100%        6


Dungeon Overview and Level Annotations

Branches:
Dungeon (2/15)

Altars:
Kikubaaqudgha
Okawaru

Annotations:
D:2 Crazy Yiuf


Innate Abilities, Weirdness & Mutations

You are an insubstantial wisp.
Your tiny insubstantial body is highly resistant to most damage types.
You are flying.
Your equipment is entirely melded.
You are incapable of wielding weapons or throwing items.
You cannot cast spells.
You are immune to sickness and miasma.
((Your stone body is resilient. (AC +3)))
You are immune to poison.
You resist negative energy. (rN+)
((You are resistant to electric shocks. (rElec)))
You are resistant to unholy torment.
You are immune to petrification.


Message History

Unknown command.
You open the door.
Aiming: Sandblast (safe; 3% risk of failure)
Press: ? - help, Q - select action, (/) - cycle Shift-Dir - straight line, f - Crazy Yiuf
Aim: Crazy Yiuf, wielding a +3 quarterstaff of chaos and wearing a +2 cloak (84% to hit)
The blast of sand hits Crazy Yiuf!
Crazy Yiuf is heavily wounded.
Crazy Yiuf hits you with a +3 quarterstaff of chaos!
You turn into an insubstantial wisp.
Your +2 sling of freezing melds into your body.
Your +0 pair of boots melds into your body.
Your +0 robe melds into your body.
Your ring of protection from cold melds into your body.
Your +2 sling of freezing stops glowing.
Crazy Yiuf completely misses you. Crazy Yiuf attacks as you move away!
Crazy Yiuf hits you with a +3 quarterstaff of chaos!
Ouch! That really hurt!
* * * LOW HITPOINT WARNING * * *
You feel protected.
Okay, then.
Okay, then.
Crazy Yiuf attacks as you move away! Crazy Yiuf barely misses you.
Crazy Yiuf attacks as you move away! Crazy Yiuf barely misses you.
Crazy Yiuf says, "Shadow!"
Crazy Yiuf attacks as you move away! Crazy Yiuf misses you.
Crazy Yiuf attacks as you move away! Crazy Yiuf misses you.
Your transformation is almost over.
Crazy Yiuf screams, "Castle action tortoise!"
Crazy Yiuf attacks as you move away! Crazy Yiuf closely misses you.
Crazy Yiuf attacks as you move away! Crazy Yiuf closely misses you.
Crazy Yiuf screams, "Goober chair agre!"
Crazy Yiuf attacks as you move away! Crazy Yiuf closely misses you.
Crazy Yiuf grits, "Fire shrimp return to song!"
Crazy Yiuf attacks as you move away! Crazy Yiuf misses you.
Crazy Yiuf attacks as you move away!
Crazy Yiuf hits you with a +3 quarterstaff of chaos.
* * * LOW HITPOINT WARNING * * *
Space warps around you!
You die...

... #..#..... #'#
#.....### ♣♣.♣
#...#.# ♣.♣♣ ###...##
♣♣.♣ #....# ♣.♣♣
####....## ♣♣.♣♣
#......... ♣...♣♣
###########..>....<.
♣PPP.♣
##.gv................
##..##
#..############...###
#....####.## #...#
##...#....# #...# #
##....#### ###.# #
###### #># # #.###
#>... #####


You could see Crazy Yiuf.

Vanquished Creatures
  An adder (D:2)
  2 dart slugs
  5 ball pythons
  10 bats
  4 endoplasms
  A giant cockroach (D:1)
  5 hobgoblins
  7 kobolds
  A quokka (D:2)
  2 frilled lizards
  A goblin (D:1)
  A rat (D:2)
40 creatures vanquished.

Notes
Turn   | Place    | Note
-------+----------+-------------------------------------------
     0 | D:1      | Serulin the Gargoyle Earth Elementalist began the quest for
                  | the Orb.
     0 | D:1      | Reached XP level 1. HP: 10/10 MP: 3/3
    45 | D:1      | You fall into a shaft and drop 1 floor!
   118 | D:2      | Found an iron altar of Okawaru.
   209 | D:1      | Reached XP level 2. HP: 15/15 MP: 3/5
   408 | D:1      | Reached skill level 1 in Conjurations
   408 | D:1      | Reached skill level 4 in Earth Magic
   747 | D:1      | Reached XP level 3. HP: 19/19 MP: 6/6
   939 | D:2      | Found an ancient bone altar of Kikubaaqudgha.
  1042 | D:2      | Found a runed translucent door.
  1043 | D:2      | Noticed Crazy Yiuf
  1152 | D:2      | Found a faded altar of an unknown god.
  1706 | D:2      | Slain by Crazy Yiuf

Illustrated notes

Levels and vault maps discovered:
D:1:      shiori_arrival_maze, layout_basic
D:2:      layout_loops_cross, basic_altar, basic_ecumenical_altar,
          minmay_hexomino_r4, uniq_crazy_yiuf_cottage

Skill      XL: |  1  2 |
---------------+-------+-----
Conjurations   | 1 |  1.7
Earth Magic    | 4 |  4.3
Dodging        | |  1.6
Stealth        | |  2.2
Spellcasting   | |  2.7
Transmutations | |  0.8

Action                     || total
---------------------------++-------
   Fire: Sling             ||    37
   Cast: Sandblast         ||    32
 Armour: Robe              ||     6
  Dodge: Dodged            ||    16

Table legend: (Time is in decaauts)
 A = Elapsed time spent in this place.
 B = Non-inter-level travel time spent in this place.
 C = Inter-level travel time spent in this place.
 D = Time resting spent in this place.
 E = Time spent auto-exploring this place.
 F = Levels seen in this place.
 G = Mean time per level.
                   A        B        C        D        E       F      G
               +--------+--------+--------+--------+--------+-----+--------+
         Total |   1735 |   1729 |      6 |      0 |   1447 |   2 |  867.5 |
       Dungeon |   1735 |   1729 |      6 |      0 |   1447 |   2 |  867.5 |
               +--------+--------+--------+--------+--------+-----+--------+

Top non-repeatable levels by time:
     D:2: 1013 daAuts
     D:1: 722 daAuts
